 Dungeon Crawl Stone Soup version 0.27-a0-773-gaaee5cf45b (webtiles) character file.

Game seed: 2141112176385002849

389 robertstho the Magician (level 6, -3/43 HPs)
             Began as a Djinni Fire Elementalist on Mar 25, 2021.
             Slain by Duvessa
             ... wielding a +0 short sword
              (5 damage)
             ... on level 4 of the Dungeon.
             The game lasted 00:06:26 (5537 turns).

robertstho the Magician (Djinni Fire Elementalist)  Turns: 5537, Time: 00:06:26

Health: -3/43      AC:  3    Str:  7    XL:     6   Next: 79%
Gold:   118        EV: 12    Int: 18    God:
                   SH:  0    Dex: 14

rFire    + + .     SeeInvis .   d - +0 short sword
rCold    x . .     Faith    .   (no shield)
rNeg     + . .     Spirit   .   i - +1 robe {rN+}
rPois    ∞         Reflect  .   (no helmet)
rElec    .         Harm     .   (no cloak)
rCorr    .         Rampage  .   (no gloves)
Will     .....                  (boots unavailable)
Stlth    ++........             (no amulet)
HPRegen  0.14/turn              (no ring)
MPRegen  0.00/turn              (no ring)

@: flying
A: fire resistance 2, cold vulnerability 1, float, innate caster, hp casting,
extra vitality 1
a: no special abilities


You were on level 4 of the Dungeon.
You visited 1 branch of the dungeon, and saw 4 of its levels.

You collected 118 gold pieces.

Inventory:

Hand Weapons
 d - a +0 short sword (weapon)
Armour
 i - a +1 robe of positive energy (worn)
Jewellery
 j - an amulet of guardian spirit
 m - an amulet of reflection
Scrolls
 a - a scroll of holy word {unknown}
 c - a scroll of fog {unknown}
 k - a scroll of silence {unknown}
 n - 2 scrolls of enchant weapon {unknown}
 p - 2 scrolls of identify {unknown}
 q - a scroll of vulnerability {unknown}
Potions
 b - a potion of magic {unknown}
 e - a potion of mutation {unknown}
 f - a potion of cancellation {unknown}
 g - a potion of flight {unknown}
 h - a potion of brilliance {unknown}
 l - a potion of haste {unknown}
 o - a potion of invisibility {unknown}
 r - a potion of heal wounds {unknown}


   Skills:
 * Level 1.9 Fighting
 + Level 2.8 Dodging
 + Level 2.2 Stealth
 * Level 5.6 Spellcasting


You couldn't memorise any spells.
You knew the following spells:

 Your Spells              Type           Power      Damage    Failure   Level
a - Foxfire               Conj/Fire      100%       2x1d9     1%          1
b - Conjure Flame         Conj/Fire      25%        6-21      3%          3
c - Inner Flame           Hex/Fire       25%        N/A       3%          3
d - Sticky Flame          Conj/Fire      25%        2d5       12%         4
e - Fireball              Conj/Fire      12%        3d7       34%         5
f - Magic Dart            Conj           100%       1d8       1%          1
g - Wereblood             Tmut           25%        N/A       1%          2
Your spell library was empty.

Dungeon Overview and Level Annotations

Branches:
Dungeon (4/15)
 Temple: D:4-7

Altars:

Annotations:
D:4 Duvessa


Innate Abilities, Weirdness & Mutations

You are immune to poison.
Your flesh is very heat resistant. (rF++)
You are vulnerable to cold. (rC-)
You float through the air rather than walking.
You learn spells naturally, not from books.
Your magical power is your life essence.
You have superior vitality. (+4 HP)


Message History

Duvessa hits you with a +0 short sword.
Casting: Foxfire (safe; 1% risk of failure)
Confirm with . or Enter, or press ? or * to list all spells.
You conjure some foxfire!
Duvessa barely misses you.
The foxfire hits Duvessa.
Duvessa is heavily wounded.
The foxfire hits Duvessa but does no damage.
Duvessa is heavily wounded.
Duvessa says, "Where magic fails, the sword succeeds!"
Duvessa barely misses you.
Casting: Foxfire (safe; 1% risk of failure)
Confirm with . or Enter, or press ? or * to list all spells.
You conjure some foxfire!
Duvessa hits you with a +0 short sword.
The foxfire hits Duvessa but does no damage.
Duvessa is heavily wounded.
The foxfire hits Duvessa.
Duvessa is heavily wounded.
Duvessa hits you with a +0 short sword!
* * * LOW HITPOINT WARNING * * *
Casting: Foxfire (safe; 1% risk of failure)
Confirm with . or Enter, or press ? or * to list all spells.
You conjure some foxfire!
* * * LOW HITPOINT WARNING * * *
Duvessa closely misses you.
The foxfire hits Duvessa.
Duvessa is severely wounded.
The foxfire hits Duvessa but does no damage.
Duvessa is severely wounded.
Duvessa barely misses you.
Unknown command.
Casting: Foxfire (safe; 1% risk of failure)
Confirm with . or Enter, or press ? or * to list all spells.
Aiming: Magic Dart (safe; 1% risk of failure)
Press: ? - help, Shift-Dir - straight line, f - Duvessa
Aim: Duvessa, wielding a +0 short sword and wearing a +0 leather armour (severely wounded, 0% to evade)
The magic dart hits Duvessa.
Duvessa is severely wounded.
* * * LOW HITPOINT WARNING * * *
Duvessa hits you with a +0 short sword.
You die...

###.)..8.8.8.8.#
#.)###########
#........#
#)######## ##
#.....#
#...###..##.#
#......>..#
#...###§..#.##
... #@........ #
#.e...#.###
##......#
##.##### #.# #.#
#'# ..


You could see Duvessa.

Vanquished Creatures
  A phantom (D:4)
  A scorpion (D:3)
  An orc priest (D:4)
  Jessica (D:2)
  A howler monkey skeleton (D:3)
  3 gnolls (D:4)
  5 adders
  An adder skeleton (D:4)
  A worm (D:2)
  3 dart slugs
  16 orcs (D:4)
  4 ball pythons
  5 bats
  5 endoplasms
  6 giant cockroaches
  15 goblins
  4 hobgoblins
  8 jackals
  2 quokkas
  6 frilled lizards
  4 kobolds
  A quokka skeleton (D:4)
  5 rats
99 creatures vanquished.

Vanquished Creatures (others)
  338 foxfires
338 creatures vanquished.

Grand Total: 437 creatures vanquished

Notes
Turn   | Place    | Note
-------+----------+-------------------------------------------
     0 | D:1      | robertstho the Djinni Fire Elementalist began the quest for
                  | the Orb.
     0 | D:1      | Reached XP level 1. HP: 15/15 MP: 0/0
   172 | D:1      | Reached skill level 3 in Spellcasting
   480 | D:1      | Reached XP level 2. HP: 19/21 MP: 0/0
  1173 | D:1      | Reached XP level 3. HP: 24/26 MP: 0/0
  1173 | D:1      | Learned a level 1 spell: Magic Dart
  1869 | D:2      | Noticed Jessica
  1873 | D:2      | Killed Jessica
  1874 | D:2      | Reached skill level 1 in Fighting
  1874 | D:2      | Reached XP level 4. HP: 30/32 MP: 0/0
  2391 | D:2      | Reached skill level 4 in Spellcasting
  3250 | D:3      | Reached XP level 5. HP: 17/37 MP: 0/0
  3250 | D:3      | Learned a level 2 spell: Wereblood
  4413 | D:4      | Reached XP level 6. HP: 41/43 MP: 0/0
  4492 | D:4      | Reached skill level 5 in Spellcasting
  5514 | D:4      | Noticed Duvessa
  5537 | D:4      | Slain by Duvessa

Illustrated notes

Levels and vault maps discovered:
D:1:      psy_arrival_basics, layout_basic
D:2:      layout_basic, uniq_jessica
D:3:      layout_loops_ring
D:4:      kennysheep_the_goblin_king, layout_loops_corners, uniq_duvessa

Skill      XL: |  1  2  3  4  5  6 |
---------------+-------------------+-----
Spellcasting   | 3 4 5 |  5.6
Fighting       | 1 |  1.9
Stealth        | 2 |  2.2
Dodging        | |  2.8

Action                   |  1- 3 |  4- 6 || total
-------------------------+-------+-------++-------
 Cast: Foxfire           |    50 |   143 ||   193
       Magic Dart        |       |     1 ||     1
  Use: Scroll            |     1 |     1 ||     2
Armor: Robe              |     5 |     6 ||    11
Dodge: Dodged            |     7 |    19 ||    26

Table legend: (Time is in decaauts)
 A = Elapsed time spent in this place.
 B = Non-inter-level travel time spent in this place.
 C = Inter-level travel time spent in this place.
 D = Time resting spent in this place.
 E = Time spent auto-exploring this place.
 F = Levels seen in this place.
 G = Mean time per level.
                   A        B        C        D        E       F      G
               +--------+--------+--------+--------+--------+-----+--------+
         Total |   5536 |   5433 |    103 |    475 |   4375 |   4 | 1384.0 |
       Dungeon |   5536 |   5433 |    103 |    475 |   4375 |   4 | 1384.0 |
               +--------+--------+--------+--------+--------+-----+--------+

Top non-repeatable levels by time:
     D:2: 1874 daAuts
     D:4: 1432 daAuts
     D:1: 1395 daAuts
     D:3: 834 daAuts
